 Dungeon Crawl Stone Soup version 0.28-a0-674-gdaf460b524 (webtiles) character file.

Game seed: 4693890983758840417

70 andesha the Firebug (level 4, 0/33 HPs)
             Began as a Draconian Fire Elementalist on Oct 17, 2021.
             Slain by Terence (5 damage)
             ... on level 2 of the Dungeon.
             The game lasted 00:10:30 (1840 turns).

andesha the Firebug (Draconian Fire Elementalist)   Turns: 1840, Time: 00:10:30

Health: 0/33       AC:  6    Str: 11    XL:     4   Next: 4%
Magic:  2/8        EV: 12    Int: 16    God:
Gold:   115        SH:  0    Dex: 11    Spells: 5/8 levels left

rFire   . . .      SeeInvis .   (no weapon)
rCold   . . .      Faith    .   (no shield)
rNeg    . . .      Spirit   .   (armour unavailable)
rPois   +          Reflect  .   (helmet restricted)
rElec   .          Harm     .   (no cloak)
rCorr   .          Rampage  .   f - +0 pair of gloves
Will    .....                   (no boots)
Stlth   ++........              (no amulet)
HPRegen 0.11/turn               g - ring of poison resistance
MPRegen 0.11/turn               (no ring)

@: no status effects
A: AC +5, unfitting armour, cold-blooded
a: no special abilities


You were on level 2 of the Dungeon.
You visited 1 branch of the dungeon, and saw 3 of its levels.

You collected 115 gold pieces.

Inventory:

Hand Weapons
 a - a +0 dagger
Missiles
 b - 80 stones (quivered)
Armour
 f - a +0 pair of gloves (worn)
Jewellery
 g - a ring of poison resistance (left hand)
Scrolls
 c - a scroll of enchant weapon
Potions
 d - a potion of haste


   Skills:
 + Level 0.2 Throwing
 + Level 2.1 Dodging
 + Level 1.9 Stealth
 + Level 0.1 Unarmed Combat
 + Level 2.8 Spellcasting
 + Level 1.7 Conjurations
 + Level 3.6 Fire Magic


You had 5 spell levels left.
You knew the following spells:

 Your Spells              Type           Power      Damage    Failure   Level
a - Foxfire               Conj/Fire      40%        2x1d6     6%          1
b - Scorch                Fire           26%        2d6       6%          2

Your spell library contained the following spells:

 Spells                   Type           Power      Damage    Failure   Level
 Conjure Flame            Conj/Fire      10%        6-21      19%         3
 Inner Flame              Hex/Fire       8%         N/A       26%         3
 Flame Wave               Conj/Fire      10%        3d4       52%         4


Dungeon Overview and Level Annotations

Branches:
Dungeon (3/15)

Altars:

Annotations:
D:2 Terence


Innate Abilities, Weirdness & Mutations

Your plain brown scales are hard. (AC +5)
You cannot fit into any form of body armour.
You are cold-blooded and may be slowed by cold attacks.


Message History

Terence is heavily wounded.
Terence completely misses you.
You barely miss Terence.
Terence is heavily wounded.
Terence barely misses you.
You barely miss Terence.
Terence is heavily wounded.
Terence barely misses you.
You hit Terence but do no damage.
Terence is heavily wounded.
Terence says, "Time to say good-bye..."
Terence closely misses you.
You hit Terence.
Terence is heavily wounded.
Terence hits you with a +0 falchion.
* * * LOW HITPOINT WARNING * * *
You hit Terence but do no damage.
Terence is heavily wounded.
Terence barely misses you.
You hit Terence but do no damage.
Terence is heavily wounded.
Terence closely misses you.
You hit Terence but do no damage.
Terence is heavily wounded.
Terence hits you with a +0 falchion.
* * * LOW HITPOINT WARNING * * *
You completely miss Terence. You tail-slap Terence.
Terence is severely wounded.
Terence misses you.
You barely miss Terence.
You tail-slap Terence, but do no damage.
Terence is severely wounded.
Terence hits you but does no damage.
You hit Terence but do no damage.
Terence is severely wounded.
Terence barely misses you.
You barely miss Terence.
Terence is severely wounded.
Terence hits you with a +0 falchion.
You die...

####.##........
#..............#
#..............
#.............#
#.............# #####
#.....).......#
....####.............#
###.##.#.............#
#.#..######..@@....#
#.#..# #).......#
#.#.)# #........#
#.#..# #.##.#####
#.#..# #..#.# ###.#..#
##.#.# ....#..# #[#.#
##..#..# #...# #..#..#
##..#


You could see Terence.

Vanquished Creatures
  3 gnolls (D:2)
  3 dart slugs
  An endoplasm (D:2)
  4 giant cockroaches
  5 goblins
  6 hobgoblins
  3 ball pythons
  4 bats
  A frilled lizard (D:1)
  2 kobolds (D:1)
  4 rats (D:1)
36 creatures vanquished.

Vanquished Creatures (others)
  79 foxfires
79 creatures vanquished.

Grand Total: 115 creatures vanquished

Notes
Turn   | Place    | Note
-------+----------+-------------------------------------------
     0 | D:1      | andesha the Draconian Fire Elementalist began the quest for
                  | the Orb.
     0 | D:1      | Reached XP level 1. HP: 14/14 MP: 3/3
   330 | D:1      | Reached XP level 2. HP: 20/20 MP: 3/5
   333 | D:1      | Learned a level 2 spell: Scorch
   521 | D:1      | Found a faded altar of an unknown god.
  1195 | D:2      | Reached XP level 3. HP: 26/26 MP: 3/6
  1490 | D:2      | Noticed Terence
  1502 | D:2      | Reached XP level 4. HP: 24/33 MP: 0/8
  1840 | D:2      | Slain by Terence

Illustrated notes

Levels and vault maps discovered:
D:1:      dpeg_arrival_leaves_temple_mockup, layout_basic,
          hellmonk_ecumenical_altar_inner_sanctum, minmay_pentomino_p2
D:2:      layout_basic, uniq_terence, uniq_jessica
D:3:      layout_loops_corners, mainiacjoe_overflow_chevrons, minivault_19

Skill      XL: |  1  2 |
---------------+-------+-----
Dodging        | 2 |  2.1
Throwing       | |  0.2
Stealth        | |  1.9
Unarmed Combat | |  0.1
Spellcasting   | |  2.8
Conjurations   | |  1.7
Fire Magic     | |  3.6

Action                   |  1- 3 |  4- 6 || total
-------------------------+-------+-------++-------
Melee: Unarmed           |    28 |    31 ||    59
       Tailslap          |     3 |     4 ||     7
Throw: Stone             |    24 |     1 ||    25
 Cast: Foxfire           |    42 |     5 ||    47
       Scorch            |    11 |     4 ||    15
  Use: Scroll            |     4 |     3 ||     7
Armor: Skin              |     8 |     7 ||    15
Dodge: Dodged            |    51 |    22 ||    73

Table legend: (Time is in decaauts)
 A = Elapsed time spent in this place.
 B = Non-inter-level travel time spent in this place.
 C = Inter-level travel time spent in this place.
 D = Time resting spent in this place.
 E = Time spent auto-exploring this place.
 F = Levels seen in this place.
 G = Mean time per level.
                   A        B        C        D        E       F      G
               +--------+--------+--------+--------+--------+-----+--------+
         Total |   1842 |   1803 |     39 |    233 |   1026 |   3 |  614.0 |
       Dungeon |   1842 |   1803 |     39 |    233 |   1026 |   3 |  614.0 |
               +--------+--------+--------+--------+--------+-----+--------+

Top non-repeatable levels by time:
     D:1: 946 daAuts
     D:2: 645 daAuts
     D:3: 250 daAuts
